 Dungeon Sprint DCSS version 0.14-a0-1721-g84c87b2 (webtiles) character file.

0 Psiweapon the Insei (level 1, -1/16 HPs)
             Began as a Demigod Transmuter on Jan 2, 2014.
             Slain by Jessica (3 damage)
             ... in the Dungeon (Sprint VI: "Thunderdome").
             The game lasted 00:02:12 (97 turns).

Psiweapon the Insei (Demigod Transmuter)              Turns: 97, Time: 00:02:12

HP  -1/16        AC  5     Str 13      XL: 1   Next: 33%
MP   3/4         EV 13     Int 17      God:
Gold 126         SH  0     Dex 16      Spells:  1 memorised,  3 levels left

rFire  . . .     SeeInvis .       - Unarmed
rCold  . . .     Clarity  .     c - +0 robe
rNeg   . . .     Conserve .     (no shield)
rPois  .         rCorr    .     q - +0 helmet
rElec  .         rRot     .     p - +0 cloak
SustAb . .       Spirit   .     r - +0 pair of gloves
rMut   .         Warding  .     (boots unavailable)
Saprov . . .     NoTele   +     (no amulet)
                                (no ring)
                                (no ring)

@: appendage, not resistant to hostile enchantments, unstealthy
A: talons 3
a: End Transformation


You were in the Dungeon.
You were not hungry.
You had grown temporary talons.
You visited 1 branch You collected 200 gold pieces.
You spent 74 gold pieces at shops.

Inventory:

Hand weapons
 o - a +0,+0 dagger
Missiles
 b - 12 arrows
Armour
 c - a +0 robe (worn)
 p - a +0 cloak (worn)
 q - a +0 helmet (worn)
 r - a +0 pair of gloves (worn)
Magical devices
 k - a wand of cold (5)
 l - a wand of fire (5)
Comestibles
 a - a bread ration
Scrolls
 j - 4 scrolls of blinking
 m - 3 scrolls of fog
Potions
 e - a potion of curing
 f - 4 potions of heal wounds
 g - 4 potions of speed
 h - 2 potions of magic
 i - a potion of berserk rage
 n - a potion of resistance
Books
 d - a book of Changes

   Spells                             Type                      Level
   *Beastly Appendage                 Transmutation                1
   Sticks to Snakes                   Transmutation                2
   Spider Form                        Transmutation/Poison         3
   Ice Form                           Ice/Transmutation            4
   Blade Hands                        Transmutation                5


   Skills:
 + Level 1.2 Fighting
 + Level 2.1 Dodging
 + Level 3.0 Unarmed Combat
 + Level 2.0 Spellcasting
 + Level 2.1 Transmutations


You had 3 spell levels left.
You knew the following spells:

 Your Spells              Type           Power        Failure   Level  Hunger
a - Beastly Appendage     Trmt           #.....       10%         1    #......


Dungeon Overview and Level Annotations

Branches:
Dungeon (1/1)

Shops:
D *[%??*?*:[((!!!!

Annotations:
D Jessica


Innate Abilities, Weirdness & Mutations

You have claws for feet.


Message History

You start putting on your armour.
You continue putting on your +0 pair of gloves.
You finish putting on your +0 pair of gloves.
Jessica comes into view.
Casting: Beastly Appendage
Confirm with . or Enter, or press ? or * to list all spells.
Your feet morph into talons.
A worker ant comes into view.
Jessica gestures at you while chanting. Pain shoots through your body!
* * * LOW HITPOINT WARNING * * *
You closely miss Jessica.
The worker ant twitches its antennae in your direction.
Jessica hits you but does no damage.
You hit Jessica but do no damage. Your kick misses Jessica.
Jessica closely misses you.
You hit Jessica. You claw Jessica.
Jessica is severely wounded.
Jessica hits you.
You die...

#⌠...........⌠#
######.8.........8.##
##∩__.......###.......
###∩........8.# #.8.....
##.............###.......
#⌠........a.###...###....
#⌠..........# #.<.# #....
#⌠..........###...###....
##......@......###.......
###∩..@.....8.# #.8.....
##∩__.......###.......
######)8.........8.##
#⌠...........⌠#
###.........###
#.........# #_......._#
#_......._#


You could see a worker ant and Jessica.

Vanquished Creatures
  A bat (D)
  A hobgoblin (D)
  A goblin (D)
3 creatures vanquished.

Notes
Turn   | Place    | Note
--------------------------------------------------------------
     0 | D        | Psiweapon, the Demigod Transmuter, began the quest for the Orb.
     0 | D        | Reached XP level 1. HP: 15/15 MP: 3/3
     2 | D        | Found a radiant altar of Vehumet.
     2 | D        | Found a corrupted altar of Lugonu.
     3 | D        | Found a snail-covered altar of Cheibriados.
     3 | D        | Found a glowing golden altar of the Shining One.
     4 | D        | Found Amacs' Identification Station.
     4 | D        | Found Oteiran's Premium Goods.
     4 | D        | Found Cuicsimm's Miscellaneous Merchandise.
     5 | D        | Found Bupso's Advanced Armour.
     5 | D        | Round 1.
    16 | D        | Reached skill level 1 in Fighting
    18 | D        | Found Inilulil's Jewellery.
    18 | D        | Found a blossoming altar of Fedhas.
    19 | D        | Found a glowing silver altar of Zin.
    20 | D        | Found Nitzoar's Bee Food.
    40 | D        | Reached skill level 3 in Unarmed Combat
    46 | D        | Found an iron altar of Okawaru.
    46 | D        | Found a burning altar of Makhleb.
    47 | D        | Found Odut's Magic Scroll Shop.
    48 | D        | Found Oligen's Magic Scroll Shop.
    49 | D        | Found a sparkling altar of Nemelex Xobeh.
    50 | D        | Found a viscous altar of Jiyva.
    50 | D        | Found Lesupt's Staff Store.
    50 | D        | Found Wouloig's Must-Have Magic.
    54 | D        | Found a basalt altar of Yredelemnul.
    55 | D        | Found a deep blue altar of Sif Muna.
    55 | D        | Found Wacuwauzi's Distillery.
    56 | D        | Found Fruv's Distillery.
    57 | D        | Found a shimmering altar of Xom.
    58 | D        | Found Waufa's Bottled Wisdom.
    58 | D        | Found a white marble altar of Elyvilon.
    58 | D        | Found Noutuo's Do-It-Yourself Clinic.
    62 | D        | Found a bloodstained altar of Trog.
    63 | D        | Found an ancient bone altar of Kikubaaqudgha.
    64 | D        | Found Wasigai's Weapon Rack.
    65 | D        | Found Khys' Basic Armour.
    74 | D        | Bought a +0 cloak for 18 gold pieces
    74 | D        | Bought a +0 helmet for 36 gold pieces
    79 | D        | Bought a +0 pair of gloves for 20 gold pieces
    91 | D        | Noticed Jessica
    94 | D        | Noticed a worker ant
    97 | D        | Slain by Jessica

Action                   || total
-------------------------++-------
Melee: Unarmed           ||    14
 Cast: Beastly Appendage ||     3
